 Dungeon Crawl Stone Soup version 0.22-a0-480-g991dd4b (webtiles) character file.

438 KillYourself the Slasher (level 6, -7/55 HPs)
             Began as a Draconian Berserker on June 16, 2018.
             Was a Believer of Trog.
             Mangled by a gnoll
             ... wielding a +0 halberd
              (11 damage)
             ... on level 4 of the Dungeon.
             The game lasted 00:16:10 (2858 turns).

KillYourself the Slasher (Draconian Berserker)      Turns: 2858, Time: 00:16:11

Health: -7/55      AC:  9    Str: 18 (20) XL:     6   Next: 69%
Magic:  6/6        EV: 13    Int:  7      God:    Trog [**....]
Gold:   165        SH:  0    Dex:  9 (12) Spells: 5/5 levels left

rFire    . . .     SeeInvis .   i - +0 scythe
rCold    . . .     Gourm    .   (shield currently unavailable)
rNeg     . . .     Faith    .   (armour unavailable)
rPois    .         Spirit   .   (helmet restricted)
rElec    .         Reflect  .   (no cloak)
rCorr    .         Harm     .   k - +2 pair of gloves
MR       .....                  (no boots)
Stlth    +.........             (no amulet)
HPRegen  0.18/turn              (no ring)
MPRegen  0.10/turn              (no ring)

@: berserk cooldown, slowed, very slow
A: unfitting armour, cold-blooded, AC +6
a: Berserk, Trog's Hand, Renounce Religion


You were on level 4 of the Dungeon.
You worshipped Trog.
Trog was pleased with you.
You were hungry.

You visited 1 branch of the dungeon, and saw 4 of its levels.

You collected 165 gold pieces.

Inventory:

Hand Weapons
 a - a +0 falchion
 i - a +0 scythe (weapon)
 n - a +0 war axe
Armour
 k - a +2 pair of gloves (worn)
Wands
 m - a wand of flame (30)
Scrolls
 d - 4 scrolls of identify {unknown}
 e - 2 scrolls of remove curse {unknown}
 h - a scroll of enchant weapon {unknown}
 l - a scroll of teleportation {unknown}
 o - a scroll of enchant armour {unknown}
 p - a scroll of random uselessness {unknown}
Potions
 c - 2 potions of haste
 f - a potion of might
 g - 2 potions of brilliance
Comestibles
 b - 7 rations
 j - 5 chunks of flesh


   Skills:
 + Level 4.9 Fighting
 + Level 5.0 Long Blades
 + Level 2.3 Polearms
 + Level 4.2 Dodging
 + Level 0.9 Stealth


You had 5 spell levels left.
You didn't know any spells.
Your spell library was empty.

Dungeon Overview and Level Annotations

Branches:
Dungeon (4/15)
 Temple: D:4-7

Altars:


Innate Abilities, Weirdness & Mutations

Your plain brown scales are hard. (AC +6)
You cannot fit into any form of body armour.
You are cold-blooded and may be slowed by cold attacks.


Message History

You slash the gnoll!
You kill the gnoll!
Trog accepts your kill. The gnoll misses you. The gnoll barely misses you.
You barely miss the gnoll. The gnoll barely misses you. x2
You barely miss the gnoll.
You are no longer berserk.
You are exhausted.
You feel yourself slow down. The gnoll hits you with a halberd!
* * * LOW HITPOINT WARNING * * *
The gnoll hits you with a spear!
* * * LOW HITPOINT WARNING * * *
You barely miss the gnoll.
Your tail-slap misses the gnoll.
The gnoll hits you with a spear.
* * * LOW HITPOINT WARNING * * *
The gnoll closely misses you. The gnoll hits you but does no damage.
The gnoll hits you with a halberd.
* * * LOW HITPOINT WARNING * * *
The gnoll hits you but does no damage. The gnoll hits you with a halberd!
You die...

#..?.# #.#..##
#####.....#
....#.....##
.........#
.......####
#....# #g)g......
....... #@...#
.......## ##..###
.........####..##
#.........##...##
#..........#...##
#............###
............##
...........##
...........#


You could see 2 gnolls.

Vanquished Creatures
  Sigmund (D:2)
  An ogre (D:4)
  A hound (D:2)
  A bullfrog skeleton (D:4)
  A howler monkey zombie (D:2)
  2 gnolls (D:4)
  4 adders
  2 worms
  2 dart slugs (D:2)
  2 leopard geckos (D:2)
  A giant cockroach (D:2)
  8 goblins
  4 hobgoblins
  6 jackals (D:2)
  4 bats
  4 frilled lizards
  A jackal skeleton (D:4)
  8 kobolds
  A quokka skeleton (D:4)
  11 rats
65 creatures vanquished.

Vanquished Creatures (others)
  A jackal (D:2)
1 creature vanquished.

Grand Total: 66 creatures vanquished

Notes
Turn   | Place    | Note
-------+----------+-------------------------------------------
     0 | D:1      | KillYourself the Draconian Berserker began the quest for the Orb.
     0 | D:1      | Reached XP level 1. HP: 19/19 MP: 1/1
   782 | D:1      | Reached XP level 2. HP: 23/26 MP: 2/2
  1092 | D:2      | Reached XP level 3. HP: 33/33 MP: 3/3
  1129 | D:2      | Reached ** piety under Trog
  1256 | D:2      | Reached skill level 4 in Long Blades
  1256 | D:2      | Reached XP level 4. HP: 37/40 MP: 4/4
  1342 | D:2      | Noticed Sigmund
  1403 | D:2      | Killed Sigmund
  1403 | D:2      | Reached XP level 5. HP: 43/47 MP: 5/5
  1601 | D:2      | Reached skill level 5 in Long Blades
  1601 | D:2      | Reached XP level 6. HP: 51/53 MP: 6/6
  2722 | D:4      | Reached skill level 1 in Polearms
  2858 | D:4      | Mangled by a gnoll

Vault maps used:
D:1:      dpeg_arrival_simpleton_b
D:2:      kennysheep_doodads, st_stairs_11, uniq_sigmund
D:3:      first_ration
D:4:      gammafunk_temple_overflow_elements

Skill      XL: |  1  2  3  4  5  6 |
---------------+-------------------+-----
Dodging        | 3 4 |  4.2
Long Blades    | 4 5 |  5.0
Fighting       | 4 |  4.9
Polearms       | 2 |  2.3
Stealth        | |  0.9

Action                   |  1- 3 |  4- 6 || total
-------------------------+-------+-------++-------
Melee: Falchion          |    68 |    20 ||    88
       Tailslap          |    11 |    18 ||    29
       Scythe            |       |   106 ||   106
Invok: Berserk           |     1 |     4 ||     5
       Trog's Hand       |       |     2 ||     2
  Use: Potion            |     3 |     4 ||     7
 Stab: Sleeping          |       |     3 ||     3
  Eat: Chunk             |     2 |     6 ||     8
       Ration            |       |     1 ||     1
Armor: Skin              |    12 |    56 ||    68
Dodge: Dodged            |    53 |   143 ||   196
       Rpst.: Falchion   |    16 |     3 ||    19

Table legend:
 A = Spawn XP
 B = Non-spawn XP
 C = Spawn XP percentage of total XP
 D = Spawn monster count
 E = Non-spawn monster count
 F = Spawn count percentage of total count
 G = Total turns spent on level
                    A         B        C        D         E        F      G
               +---------+---------+-------+---------+---------+-------+---------
         Total |       0 |     627 |   0.0 |       0 |      65 |   0.0 |  2858
               +---------+---------+-------+---------+---------+-------+---------
           D:1 |       0 |      15 |   0.0 |       0 |      11 |   0.0 |  1033
           D:2 |       0 |     401 |   0.0 |       0 |      40 |   0.0 |  1222
           D:3 |       0 |      27 |   0.0 |       0 |       8 |   0.0 |   461
           D:4 |       0 |     184 |   0.0 |       0 |       6 |   0.0 |   142
               +---------+---------+-------+---------+---------+-------+---------
